 Dungeon Crawl Stone Soup version 0.18-a0-337-g1235303 (webtiles) character file.

1460 Raultor the Covert (level 8, -5/55 HPs)
             Began as a Vampire Assassin on Nov 28, 2015.
             Slain by a yak (18 damage)
             ... on level 7 of the Dungeon.
             The game lasted 00:24:37 (7457 turns).

Raultor the Covert (Vampire Assassin)               Turns: 7457, Time: 00:24:37

Health: -5/55      AC:  6    Str: 13    XL:     8   Next: 48%
Magic:  1/9        EV: 15    Int: 13    God:
Gold:   81         SH:  0    Dex: 18    Spells: 2 memorised, 3 levels left

rFire  . . .     SeeInvis +     y - +3 short sword
rCold  + . .     Clarity  .     c - +0 robe
rNeg   + + .     SustAt   +     (no shield)
rPois  +         Gourm    .     D - +0 helmet
rElec  .         Spirit   .     d - +0 cloak
rCorr  .         Warding  .     L - +1 pair of gloves {Str+3}
rMut   .         Stasis   .     (no boots)
MR     +....                    (no amulet)
Stlth  +++++++...               z - ring of sustain attributes
                                B - ring of protection from magic

@: regenerating slowly, somewhat resistant to hostile enchantments, extremely
stealthy
A: fangs 3, see invisible, unbreathing
a: Bat Form


You were on level 7 of the Dungeon.
You were thirsty.

You visited 2 branches of the dungeon, and saw 8 of its levels.

You collected 381 gold pieces.
You spent 300 gold pieces at shops.

Inventory:

Hand Weapons
 a - a +0 dagger of venom
 b - a +0 blowgun
 y - a +3 short sword (weapon)
 N - a +2 dagger
Missiles
 e - 14 poisoned needles
 f - 2 curare-tipped needles
 E - a throwing net (quivered)
Armour
 c - a +0 robe (worn)
 d - a +0 cloak (worn)
 D - a +0 helmet (worn)
 L - a +1 pair of gloves of strength (worn)
Jewellery
 n - an uncursed ring of positive energy
 v - an uncursed ring of flight
 z - a ring of sustain attributes (right hand)
 B - a ring of protection from magic (left hand)
Wands
 H - a wand of teleportation (6)
Scrolls
 i - 8 scrolls of identify
 k - 2 scrolls of fear {unknown}
 l - a scroll of remove curse
 m - 4 scrolls of teleportation
 o - 2 scrolls of immolation {unknown}
 p - a scroll of magic mapping {unknown}
 t - a scroll of fog {unknown}
 A - 3 scrolls of amnesia {unknown}
 J - a scroll of blinking {unknown}
 M - a scroll of enchant armour {unknown}
Potions
 g - 5 potions of blood
 h - 4 potions of resistance {unknown}
 j - 2 potions of lignification {unknown}
 q - 2 potions of agility {unknown}
 r - 2 potions of ambrosia {unknown}
 s - a potion of poison {unknown}
 u - 2 potions of curing {unknown}
 w - a potion of degeneration {unknown}
 C - a potion of haste {unknown}
 G - 3 potions of berserk rage {unknown}
Books
 K - a book of Maledictions

   Spells                             Type                      Level
   a - Corona                         Hexes                        1
   b - Ensorcelled Hibernation        Hexes/Ice                    2
   c - Confuse                        Hexes                        3
   d - Tukima's Dance                 Hexes                        3
   e - Dazzling Spray                 Conjuration/Hexes            3
Comestibles
 I - a bread ration


   Skills:
 - Level 1.7 Fighting
 - Level 3.5 Short Blades
 - Level 1.5 Throwing
 - Level 5.1 Dodging
 + Level 13.0 Stealth
 - Level 0.6 Spellcasting
 * Level 6.0 Hexes
 + Level 0.2 Ice Magic


You had 3 spell levels left.
You knew the following spells:

 Your Spells              Type           Power        Failure   Level  Hunger
a - Ensorcelled Hibernat  Hex/Ice        #.....       14%         2    ###....
b - Tukima's Dance        Hex            ###.....     10%         3    ####...


Dungeon Overview and Level Annotations

Branches:
Dungeon (7/15)             Temple (1/1) D:6

Altars:
Ashenzari
Dithmenos
Elyvilon
Fedhas
Gozag
Kikubaaqudgha
Nemelex Xobeh
Okawaru
Qazlal
Ru
Sif Muna
Trog
Vehumet
Xom
Yredelemnul
Zin
The Shining One

Shops:
D:5 :


Innate Abilities, Weirdness & Mutations

You heal slowly.
You have razor-sharp teeth.
You have supernaturally acute eyesight.
You can survive without breathing.


Message History

The sheep is moderately wounded.
You hit the sheep.
The sheep is heavily wounded.
The sheep misses you.
You hit the sheep.
The sheep is severely wounded.
The sheep misses you.
You hit the sheep.
The sheep is almost dead.
The sheep barely misses you.
You hit the sheep.
You kill the sheep!
Your Hexes skill increases to level 6!
You hit the yak but do no damage. You completely miss the yak.
The yak gores you!
* * * LOW HITPOINT WARNING * * *
You hit the yak.
The yak is lightly wounded.
The yak gores you!!
You die...

#..#.#.......#######
#.##.#.###.#.#
#.##..<....#Y#
#.####.#####.#
#.####.# #Y#
#......# #Y#
######## #.#
#.########...
#...Y@.......
##########...


You could see a yak.

Vanquished Creatures
  A human (D:7)
  An ice beast (D:5)
  An orc warrior (D:5)
  2 scorpions
  3 wights (D:6)
  A crimson imp (D:6)
  3 hounds
  A jelly (D:5)
  A centaur skeleton (D:6)
  3 orc priests
  3 iguanas
  7 worker ants
  2 sheep (D:7)
  A hound skeleton (D:4)
  3 worker ant zombies
  11 adders
  7 worms
  7 giant geckos
  17 orcs
  2 ball pythons (D:5)
  8 giant cockroaches
  8 goblins
  11 hobgoblins
  18 jackals
  9 kobolds
  7 bats
  4 giant newts
  A jackal zombie (D:6)
  2 quokkas
  A quokka zombie (D:5)
  6 rats
152 creatures vanquished.

Vanquished Creatures (collateral kills)
  A wight (D:6)
  An orc priest (D:6)
  An orc (D:6)
3 creatures vanquished.

Vanquished Creatures (others)
  2 dancing weapons
2 creatures vanquished.

Grand Total: 157 creatures vanquished

Notes
Turn   | Place    | Note
--------------------------------------------------------------
     0 | D:1      | Raultor the Vampire Assassin began the quest for the Orb.
     0 | D:1      | Reached XP level 1. HP: 16/16 MP: 1/1
    22 | D:1      | Reached skill level 6 in Stealth
    82 | D:1      | Reached XP level 2. HP: 15/22 MP: 2/2
   805 | D:1      | Reached skill level 7 in Stealth
   805 | D:1      | Reached XP level 3. HP: 24/27 MP: 3/3
  1623 | D:2      | Found a white marble altar of Elyvilon.
  1707 | D:2      | Reached XP level 4. HP: 20/33 MP: 4/4
  2562 | D:3      | Found an ancient bone altar of Kikubaaqudgha.
  2714 | D:3      | Reached skill level 8 in Stealth
  2714 | D:3      | Reached XP level 5. HP: 38/38 MP: 5/5
  3382 | D:4      | Reached XP level 6. HP: 37/44 MP: 6/6
  3464 | D:4      | Reached skill level 9 in Stealth
  3856 | D:4      | HP: 2/44 [acid (11)]
  4252 | D:5      | Entered Level 5 of the Dungeon
  4348 | D:5      | Found Wusurch's Book Boutique.
  4543 | D:5      | Reached skill level 5 in Dodging
  4543 | D:5      | Reached skill level 10 in Stealth
  4543 | D:5      | Reached XP level 7. HP: 38/49 MP: 7/7
  4587 | D:5      | Found a sparkling altar of Nemelex Xobeh.
  4633 | D:5      | Found a sparkling altar of Nemelex Xobeh.
  4719 | D:5      | Bought a book of Maledictions for 300 gold pieces
  4722 | D:5      | Learned a level 2 spell: Ensorcelled Hibernation
  4726 | D:5      | Learned a level 3 spell: Tukima's Dance
  4917 | D:5      | Found a basalt altar of Yredelemnul.
  5331 | D:5      | Reached skill level 1 in Hexes
  5639 | D:5      | Reached skill level 11 in Stealth
  5939 | D:6      | Found a glowing silver altar of Zin.
  5940 | D:6      | Found a shimmering altar of Xom.
  5940 | D:6      | Noticed an angel
  6274 | D:6      | Found a staircase to the Ecumenical Temple.
  6280 | D:6      | Reached skill level 12 in Stealth
  6313 | D:6      | Reached XP level 8. HP: 30/55 MP: 1/8
  6718 | Temple   | Entered the Ecumenical Temple
  7446 | D:7      | Reached skill level 13 in Stealth
  7446 | D:7      | Reached skill level 5 in Hexes
  7457 | D:7      | Slain by a yak

Vault maps used:
D:1:      dpeg_arrival_short_road
D:2:      lemuel_crystal_altar, first_bread, minmay_strange_pillars,
          kennysheep_generic_room_2
D:3:      lemuel_doored_altar
D:4:      serial_bayou_crossing
D:5:      overflow_temple_1_default, serial_shops, nicolae_shop_trees,
          hangedman_feature_mirror
D:6:      lemuel_upstairs_altar, grunt_temple_overflow_order_and_chaos_1,
          minmay_temple_entry_grid
D:7:      grunt_livestock, trog_hazing_becter
Temple:   triangle_lava_temple_12

Action                   |  1- 3 |  4- 6 |  7- 9 || total
-------------------------+-------+-------+-------++-------
Melee: Dagger            |   118 |   205 |   253 ||   576
       Short sword       |       |       |    69 ||    69
 Fire: Blowgun           |       |     5 |       ||     5
 Cast: Tukima's Dance    |       |       |    10 ||    10
       Ensorcelled Hiber |       |       |     4 ||     4
 Abil: End Transformatio |       |     1 |     1 ||     2
       Bat Form          |       |     1 |     1 ||     2
  Use: Scroll            |       |     3 |     1 ||     4
       Potion            |       |     2 |     5 ||     7
 Stab: Sleeping          |     8 |    25 |    16 ||    49
       Distracted        |       |     1 |     2 ||     3
  Eat: Corpse            |     1 |     1 |     5 ||     7
